 Dungeon Crawl Stone Soup version 0.16-a0-2984-g889390b (webtiles) character file.

323 M4edhros the Sneak (level 6, 0/38 HPs)
             Began as an Octopode Artificer on Dec 6, 2014.
             Shot with an arrow of flame by a centaur (2 damage)
             ... on level 5 of the Dungeon.
             The game lasted 00:06:44 (2288 turns).

M4edhros the Sneak (Octopode Artificer)             Turns: 2288, Time: 00:06:45

Health: 0/38       AC:  1    Str:  9 (11) XL:     6   Next: 47%
Magic:  9/9        EV: 12    Int: 18      God:
Gold:   109        SH:  0    Dex: 12      Spells: 0 memorised, 5 levels left

rFire  . . .     SeeInvis .     o - +0 short sword (flame)
rCold  . . .     Clarity  .     (no shield)
rNeg   . . .     SustAb   .     (helmet restricted)
rPois  .         Gourm    .     (no amulet)
rElec  .         Spirit   .     k - +2 ring of intelligence
rCorr  .         Warding  .     (no ring)
rMut   .         Stasis   .     (no ring)
MR     .....                    (no ring)
Stlth  +++++.....               (no ring)
                                (no ring)
                                (no ring)
                                (no ring)

@: lethally poisoned, slowed, very slow, not resistant to hostile enchantments,
quite stealthy
A: almost no armour, amphibious, 8 rings, constrict 8, camouflage 1, gelatinous
body 1
a: no special abilities


You were on level 5 of the Dungeon.
You were not hungry.

You visited 1 branch of the dungeon, and saw 5 of its levels.

You collected 109 gold pieces.

Inventory:

Hand weapons
 a - a +0 short sword
 j - a +0 hunting sling
 o - a +0 short sword of flaming (weapon)
Missiles
 h - 56 stones (quivered)
 l - 22 poisoned needles
Jewellery
 k - a +2 ring of intelligence (left tentacle)
Magical devices
 b - a wand of flame (3)
 c - a wand of enslavement (10)
 d - a wand of random effects (9)
Scrolls
 e - a scroll of remove curse
 i - a scroll of magic mapping {unknown}
 n - 5 scrolls of identify
Comestibles
 f - a bread ration
 m - a meat ration


   Skills:
 - Level 1.0 Fighting
 - Level 1.0 Short Blades
 + Level 3.9 Slings
 - Level 2.0 Dodging
 + Level 6.9 Stealth
 - Level 3.2 Evocations


You had 5 spell levels left.
You didn't know any spells.

Dungeon Overview and Level Annotations

Branches:
Dungeon (5/15)
 Temple: D:4-7

Altars:

Annotations:
D:5 Eustachio, Pikel


Innate Abilities, Weirdness & Mutations

You cannot wear most types of armour.
You are amphibious.
You can wear up to eight rings at the same time.
You can use your tentacles to constrict many enemies at once.
Your skin changes colour to match your surroundings (Stealth).
Your rubbery body absorbs attacks (AC +1).


Message History

Anything else - Stay silent.
Gang up on whom?
Press: ? - help, Dir - move target cursor, f - centaur
Aim: a centaur (translocational energy) Attack!
You feel sick.
The centaur wields a shortbow.
The centaur shoots an arrow of flame.
The arrow of flame hits your shadow imp.
The arrow of flame burns your shadow imp.
The centaur shoots an arrow of flame.
The arrow of flame hits your shadow imp but does no damage.
The arrow of flame burns your shadow imp.
Your shadow imp dies!
The centaur shoots an arrow of flame.
The arrow of flame hits you.
* * * LOW HITPOINT WARNING * * *
The arrow of flame burns you.
* * * LOW HITPOINT WARNING * * *
The centaur shoots an arrow of flame.
The arrow of flame hits you.
* * * LOW HITPOINT WARNING * * *
The arrow of flame burns you.
You die...

#####......# #...#
#........### #...#
#.#####..#######...####
###....5)..........
#.....5............
#K#.#.@............
#...##(#####...####
#.####c# #...# #
#.@.((.# #.#.# #
#.###### ###...#### ...
#.......## ..>..
#.#...#.## ...##.#
######.......## # #.
##......<..##.# #.
#.....#.####..## ..
#..............>
#.....#.####..##


You could see a centaur and a kobold.

Vanquished Creatures
  A worker ant (D:5)
  2 hounds (D:5)
  2 crimson imps (D:5)
  Natasha (D:5)
  An iguana (D:5)
  A gnoll (D:1)
  5 adders
  A giant mite (D:5)
  A worm (D:3)
  A giant gecko (D:5)
  2 orcs (D:5)
  4 bats
  A bat skeleton (D:5)
  2 giant cockroaches (D:1)
  5 hobgoblins
  5 kobolds (D:1)
  2 giant newts
  A goblin (D:1)
  2 rats (D:1)
40 creatures vanquished.

Vanquished Creatures (collateral kills)
  A giant gecko (D:5)
  A goblin (D:5)
  A rat (D:5)
3 creatures vanquished.

Vanquished Creatures (others)
  A scorpion (D:5)
  A shadow imp (D:5)
2 creatures vanquished.

Grand Total: 45 creatures vanquished

Notes
Turn   | Place    | Note
--------------------------------------------------------------
     0 | D:1      | M4edhros, the Octopode Artificer, began the quest for the Orb.
     0 | D:1      | Reached XP level 1. HP: 13/13 MP: 1/1
   145 | D:1      | Reached XP level 2. HP: 13/18 MP: 3/3
   248 | D:1      | Reached XP level 3. HP: 7/23 MP: 4/4
   308 | D:1      | Reached skill level 1 in Slings
   347 | D:3      | Reached skill level 4 in Stealth
   819 | D:5      | Entered Level 5 of the Dungeon
   872 | D:5      | Noticed Blork the orc
   900 | D:5      | Reached XP level 4. HP: 28/28 MP: 6/6
  1149 | D:5      | Reached skill level 5 in Stealth
  1165 | D:5      | Noticed a scorpion
  1182 | D:5      | a scorpion (ally) was killed
  1425 | D:5      | Reached XP level 5. HP: 10/33 MP: 7/7
  1607 | D:5      | Noticed Blork
  1657 | D:5      | Blork the giant mite (ally) was killed
  1657 | D:5      | Your ally Blork died
  1825 | D:5      | Got a smoking long sword
  1826 | D:5      | Identified the cursed -1 long sword "Emupauph" {antimagic, Str+1 Int+3 Stlth---} (You found it on level 5 of the Dungeon)
  1871 | D:5      | Noticed a slave
  1871 | D:5      | Noticed a slave
  1873 | D:5      | Noticed Pikel
  1910 | D:5      | Reached skill level 6 in Stealth
  2082 | D:5      | Reached XP level 6. HP: 32/38 MP: 9/9
  2270 | D:5      | Noticed Natasha
  2278 | D:5      | Noticed Eustachio
  2278 | D:5      | Killed Natasha
  2288 | D:5      | Shot with an arrow of flame by a centaur

Action                   |  1- 3 |  4- 6 || total
-------------------------+-------+-------++-------
Melee: Short sword       |    35 |    58 ||    93
 Fire: Hunting sling     |    23 |    32 ||    55
Evoke: Wand              |    10 |    13 ||    23
  Use: Potion            |     3 |     2 ||     5
       Scroll            |       |     3 ||     3
 Stab: Sleeping          |     3 |     2 ||     5
  Eat: Chunk             |       |     4 ||     4
